 Dungeon Crawl Stone Soup version 0.29-a0-275-g389c0b56f3 (webtiles) character file.

Game seed: 17771429081111333451

467 namelastname112 the Chiller (level 6, -9/51 HPs)
             Began as a Draconian Ice Elementalist on Mar 12, 2022.
             Mangled by an ice beast (12 damage)
             ... on level 4 of the Dungeon.
             The game lasted 00:05:58 (4004 turns).

namelastname112 the Chiller (DrIE)                  Turns: 4004, Time: 00:05:59

Health: -9/51      AC:  6    Str: 11    XL:     6   Next: 81%
Magic:  11/11      EV: 12    Int: 17    God:
Gold:   188        SH:  0    Dex: 11    Spells: 5/12 levels left

rFire   . . .      SeeInvis .   b - +0 short sword
rCold   . . .      Faith    .   (no shield)
rNeg    . . .      Spirit   .   (body armour unavailable)
rPois   .          Reflect  .   (helmet restricted)
rElec   .          Harm     .   o - scarf {repulsion}
rCorr   .          Rampage  .   (no gloves)
Will    .....                   (no boots)
Stlth   ++........              (no amulet)
HPRegen 0.17/turn               (no ring)
MPRegen 0.12/turn               (no ring)

@: repel missiles
A: AC +6, unfitting armour, cold-blooded
a: no special abilities


You were on level 4 of the Dungeon.
You visited 1 branch of the dungeon, and saw 5 of its levels.

You collected 188 gold pieces.

Inventory:

Hand Weapons
 b - a +0 short sword (weapon)
Armour
 o - a scarf of repulsion (worn)
Jewellery
 k - a ring of wizardry
Scrolls
 d - a scroll of fog {unknown}
 e - 5 scrolls of identify {unknown}
 f - 3 scrolls of teleportation {unknown}
 g - 2 scrolls of enchant armour {unknown}
 j - a scroll of magic mapping {unknown}
 l - a scroll of enchant weapon {unknown}
 m - a scroll of torment {unknown}
 n - a scroll of brand weapon {unknown}
Potions
 a - a potion of magic
 c - 2 potions of curing
 i - a potion of attraction {unknown}
 p - 2 potions of degeneration {unknown}


   Skills:
 + Level 3.6 Fighting
 + Level 3.6 Dodging
 - Level 1.7 Stealth
 + Level 3.7 Spellcasting
 + Level 5.4 Ice Magic


You had 5 spell levels left.
You knew the following spells:

 Your Spells              Type           Power      Damage    Failure   Level
a - Ozocubu's Armour      Ice            21%        N/A       5%          3
x - Frozen Ramparts       Ice            42%        1d6       5%          3
z - Freeze                Ice            84%        1d10      1%          1

Your spell library contained the following spells:

 Spells                   Type           Power      Damage    Failure   Level
 Call Canine Familiar     Summ           3%         N/A       43%         3
 Portal Projectile        Hex/Tloc       6%         N/A       43%         3
 Summon Guardian Golem    Hex/Summ       3%         N/A       43%         3
 Hailstorm                Conj/Ice       12%        3d5       47%         4
 Leda's Liquefaction      Hex/Erth       1%         N/A       85%         4
 Orb of Destruction       Conj           1%         9d5       100%        7
 Spellforged Servitor     Conj/Summ      1%         N/A       100%        7


Dungeon Overview and Level Annotations

Branches:
Dungeon (5/15)
 Temple: D:4-7

Altars:

Shops:
D:3 (

Annotations:
D:5 Prince Ribbit


Innate Abilities, Weirdness & Mutations

Your plain brown scales are hard. (AC +6)
You cannot fit into any form of body armour.
You are cold-blooded and may be slowed by cold attacks.


Message History

The ice beast hits you but does no damage!
You closely miss the ice beast!
The ice beast is almost dead!
The ice beast hits you! The ice beast freezes you!!!
You feel yourself slow down!
You take 12 damage, and have 36/51 hp!
MASSIVE DAMAGE!!!!!!
You barely miss the ice beast!
The ice beast is almost dead!
The ice beast hits you! The ice beast freezes you!
You take 9 damage, and have 27/51 hp!
You barely miss the ice beast!
The ice beast is almost dead!
You feel yourself speed up! The ice beast hits you!
The ice beast freezes you!!! The ice beast hits you!
The ice beast freezes you! * * * don't die
* * * You take 14 damage, and have 13/51 hp!
MASSIVE DAMAGE!!!!!!
You barely miss the ice beast!
The ice beast is almost dead!
The ice beast hits you but does no damage!
You closely miss the ice beast!
The ice beast is almost dead!
The ice beast hits you! * * * don't die
* * * The ice beast freezes you!!! * * * don't die
* * * You take 10 damage, and have 3/51 hp!
You barely miss the ice beast!
The ice beast is almost dead!
The ice beast completely misses you!
You skewer the ice beast but do no damage!
The ice beast is almost dead!
The ice beast misses you!
You perforate the ice beast like a sieve!
Your tail-slap misses the ice beast!
The ice beast is almost dead!
The ice beast hits you! * * * don't die
* * * The ice beast freezes you!!! rip

#.......# #.# ##### #.......#
#.# #.......###### #.#
#............##### #.#
#.............[..######.########
#.......####.##......(..........
#.......# #.............#######
####..### ####.Y.(........)....
#..# #####@#######..####### #..#
#.....# #......# # #..#
#.###.###.####.# # #..#
##.#.......# #.# # #..#
#......##### #.# # #.<# #......#
#.# # #..# #.##.### #.# #.<#
#.##.# #.# #..####.##.# #.#


You could see an ice beast.

Vanquished Creatures
  Sigmund (D:2)
  A necrophage (D:4)
  A hound (D:4)
  Natasha (thrice) (D:2)
  4 gnolls (D:3)
  An adder (D:4)
  3 worms
  8 dart slugs
  2 orcs (D:4)
  5 endoplasms
  2 giant cockroaches
  3 goblins
  5 hobgoblins
  3 jackals (D:2)
  11 kobolds
  4 quokkas
  5 ball pythons
  4 bats
  4 frilled lizards
  6 rats
76 creatures vanquished.

Notes
Turn   | Place    | Note
-------+----------+-------------------------------------------
     0 | D:1      | namelastname112 the Draconian Ice Elementalist began the
                  | quest for the Orb.
     0 | D:1      | Reached XP level 1. HP: 14/14 MP: 3/3
   206 | D:1      | Reached XP level 2. HP: 15/22 MP: 1/5
   581 | D:1      | Reached skill level 1 in Fighting
  1075 | D:1      | Reached XP level 3. HP: 28/28 MP: 6/6
  1625 | D:2      | Noticed Natasha
  1634 | D:2      | Killed Natasha
  1649 | D:2      | Noticed Natasha
  1656 | D:2      | Killed Natasha
  1657 | D:2      | Reached XP level 4. HP: 21/36 MP: 0/8
  1834 | D:2      | Learned a level 3 spell: Frozen Ramparts
  1838 | D:2      | Learned a level 3 spell: Ozocubu's Armour
  1842 | D:2      | Noticed Sigmund
  1871 | D:2      | Killed Sigmund
  1872 | D:2      | Reached skill level 5 in Ice Magic
  1872 | D:2      | Reached XP level 5. HP: 36/44 MP: 1/9
  2305 | D:2      | Noticed Natasha
  2311 | D:2      | Killed Natasha
  2312 | D:2      | Reached XP level 6. HP: 44/51 MP: 6/11
  2616 | D:3      | Found Fologutt's Weapon Boutique.
  2965 | D:3      | Found a faded altar of an unknown god.
  3950 | D:5      | Entered Level 5 of the Dungeon
  3950 | D:5      | Noticed an ice beast
  3951 | D:5      | Noticed Prince Ribbit
  4004 | D:4      | Mangled by an ice beast

Illustrated notes

Levels and vault maps discovered:
D:1:      dpeg_arrival_short_road, layout_basic
D:2:      layout_rooms, uniq_sigmund, uniq_natasha
D:3:      layout_rooms, serial_shops, shop, hellmonk_ecumenical_altar_run_dry
D:4:      layout_loops_ring
D:5:      layout_basic, temple_hall, serial_shops, nicolae_take_the_stairs,
          minmay_misc_feat_plants, dreamdust_mushroom_princess,
          uniq_prince_ribbit1, uniq_eustachio

Skill      XL: |  1  2  3  4  5 |
---------------+----------------+-----
Dodging        | 2 3 |  3.6
Fighting       | 1 2 3 |  3.6
Spellcasting   | 3 |  3.7
Ice Magic      | 5 |  5.4
Stealth        | |  1.7

Action                   |  1- 3 |  4- 6 || total
-------------------------+-------+-------++-------
Melee: Unarmed           |    19 |       ||    19
       Tailslap          |     7 |    20 ||    27
       Short sword       |    45 |   171 ||   216
       Punch             |       |     3 ||     3
 Cast: Freeze            |    24 |    38 ||    62
       Frozen Ramparts   |       |     4 ||     4
       Ozocubu's Armour  |       |     2 ||     2
  Use: Potion            |       |     3 ||     3
 Stab: Sleeping          |     2 |     2 ||     4
Armor: Skin              |    30 |    51 ||    81
Dodge: Dodged            |    56 |   111 ||   167
       Repelled          |       |     1 ||     1

Table legend: (Time is in decaauts)
 A = Elapsed time spent in this place.
 B = Non-inter-level travel time spent in this place.
 C = Inter-level travel time spent in this place.
 D = Time resting spent in this place.
 E = Time spent auto-exploring this place.
 F = Levels seen in this place.
 G = Mean time per level.
                   A        B        C        D        E       F      G
               +--------+--------+--------+--------+--------+-----+--------+
         Total |   4034 |   3944 |     90 |     67 |   3172 |   5 |  806.8 |
       Dungeon |   4034 |   3944 |     90 |     67 |   3172 |   5 |  806.8 |
               +--------+--------+--------+--------+--------+-----+--------+

Top non-repeatable levels by time:
     D:1: 1627 daAuts
     D:2: 906 daAuts
     D:4: 848 daAuts
     D:3: 646 daAuts
     D:5: 5 daAuts
